Cogmind - Beta 14 @@@ ROGUE MODE // 2024.08.22 @ 18:41:27 Player: cabin Result: Destroyed by G-34 Mercenary with Small Laser Performance ------------- Evolutions (1) 500 Regions Visited (3) 600 Robots Destroyed (14) 70 Value Destroyed (349) 349 Prototype IDs (0) 0 Alien Tech Used (0) 0 Bonus (0) 0 TOTAL SCORE: 1519 Bonus ------- None Cogmind --------- Core Integrity 0/400 Matter 156/300 Energy 100/100 System Corruption 0% Temperature Cool (6) Movement Core (850) Ox16 Location -9/Materials Parts ------- > --- POWER (1) -------- (None) > --- PROPULSION (2) --- (None) > --- UTILITY (3) ------ Medium Storage Unit High-capacity Storage Unit Signal Interpreter > --- WEAPON (3) ------- (None) > --- INVENTORY (20) --- Ion Engine Light Ion Engine Small Storage Unit High-capacity Matter Pod (0) EM Pulse Gun Small Laser Grenade Launcher Peak State ------------ > --- POWER ------------ Reinforced Ion Engine > --- PROPULSION ------- Improved Aluminum Leg Improved Aluminum Leg > --- UTILITY ---------- Medium Storage Unit High-capacity Storage Unit Signal Interpreter > --- WEAPON ----------- Assault Rifle Assault Rifle > --- INVENTORY -------- Ion Engine Light Ion Engine Small Storage Unit High-capacity Matter Pod EM Pulse Gun Small Laser Grenade Launcher [Rating: 11] Favorites ----------- Power Ion Engine Engine Ion Engine Propulsion Light Treads Treads Light Treads Leg Improved Aluminum Leg Utility Medium Storage Unit Storage Medium Storage Unit Processor Signal Interpreter Weapon Small Laser Energy Gun Small Laser Ballistic Gun Assault Rifle Launcher Grenade Launcher Build | -11 -10 -10 -9 ------- Run | Yrd Mat Min Mat Slots Evolved 2 | . . . 2 Power . | . . . . Propulsion . | . . . . Utility 1 | . . . 1 Weapon 1 | . . . 1 Parts Attached 22 | 7 6 . 9 Power 4 | 2 1 . 1 Engine 4 | 2 1 . 1 Core . | . . . . Reactor . | . . . . Propulsion 4 | 2 . . 2 Treads 2 | 2 . . . Leg 2 | . . . 2 Wheel . | . . . . Hover . | . . . . Flight . | . . . . Utility 5 | 1 3 . 1 Device . | . . . . Storage 4 | 1 2 . 1 Processor 1 | . 1 . . Hackware . | . . . . Protection . | . . . . Artifact . | . . . . Weapon 9 | 2 2 . 5 Energy Gun 4 | 2 1 . 1 Energy Cannon . | . . . . Ballistic Gun 4 | . . . 4 Ballistic Cannon . | . . . . Launcher 1 | . 1 . . Special Weapon . | . . . . Impact Weapon . | . . . . Slashing Weapon . | . . . . Piercing Weapon . | . . . . Special Melee Weapon . | . . . . Unidentified Prototypes . | . . . . Parts Lost 6 | . 1 . 5 Power 1 | . . . 1 Propulsion 2 | . . . 2 Utility . | . . . . Weapon 3 | . 1 . 2 Highest Loss Streak 4 | . 1 . 4 To Critical Strikes . | . . . . Average Slot Usage (%) 81 | . 97 97 60 Engine 10 | . 13 14 6 Treads 17 | . 28 28 2 Leg 4 | . . . 11 Storage 17 | . 15 14 19 Processor 11 | . 10 14 11 Energy Gun 10 | . 19 11 . Ballistic Gun 3 | . . . 7 Launcher 5 | . 7 14 . Peak Build Rating 11 | 6 7 7 11 Average Rating 6 | 4 6 6 6 On Entrance 4 | . 6 7 6 Naked Turns . | . . . . Heaviest Build 64 | 13 23 17 64 Greatest Support 40 | 40 40 40 40 Greatest Overweight (x) 19 | . . . 19 Average Overweight (x) . | . . . 2 Largest Inventory Capacity 20 | 8 10 10 20 Average Capacity 12 | 6 9 10 18 Most Carried 7 | 1 5 6 7 Average Carried 4 | . 3 5 6 Final Capacity 20 | 8 10 10 20 Final Carried 7 | 1 5 6 7 Class Distribution -------------------- 100% | Mutant Dominant Class ---------------- Mutant | -10/Materials Mutant | -10/Mines Mutant | -9/Materials Resources | -11 -10 -10 -9 ----------- Run | Yrd Mat Min Mat Matter Collected 394 | 182 107 . 105 Remotely . | . . . . Salvage Created 491 | 59 172 . 260 Parts 32 | 1 12 . 19 Haulers Intercepted . | . . . . Recyclers Shooed 2 | . . . 2 Parts Field Recycled . | . . . . Retrieved Matter . | . . . . Parts Self-Destructed . | . . . . Prevented . | . . . . Kills | -11 -10 -10 -9 ------- Run | Yrd Mat Min Mat Combat Hostiles Destroyed 10 | . 5 . 5 Guns 7 | . 2 . 5 AOE 3 | . 3 . . Classes Destroyed 6 | 1 2 . 3 Worker 1 | . 1 . . Recycler 2 | 1 . . 1 Watcher 1 | . . . 1 Swarmer 2 | . . . 2 Grunt 7 | . 5 . 2 Brawler 1 | . . . 1 Best Kill Streak 4 | 1 4 . 4 Combat Bots Only 3 | . 3 . 2 Max Kills in Single Turn 1 | 1 1 . 1 Gunslinging . | . . . . Exploded 1 | . 1 . . Melee . | . . . . Uniques/NPCs Destroyed . | . . . . Combat | -11 -10 -10 -9 -------- Run | Yrd Mat Min Mat Hostile Shots Fired 205 | . 18 19 168 Missed 48 | . 4 1 43 Damage Taken 1686 | . 300 221 1165 Core 487 | . 71 11 405 Absorbed by Shields . | . . . . Core Remaining (%) 83 | 100 . 67 . Volleys Fired 52 | . 23 9 20 Largest 2 | . 2 1 2 Hottest 80 | . 80 40 40 Shots Fired 88 | . 40 9 39 Gun 82 | . 34 9 39 Cannon . | . . . . Launcher 6 | . 6 . . Special . | . . . . Kinetic 39 | . . . 39 Thermal 31 | . 22 9 . Explosive 6 | . 6 . . Electromagnetic 12 | . 12 . . Robot Hit Streak 12 | . 8 7 12 Robot Miss Streak 2 | . 2 2 2 Penetration Max . | . . . . Secondary Targets . | . . . . Shots Hit Robots 37 | . 15 7 15 Core Hits 26 | . 14 1 11 Critical Kills . | . . . . Critical Parts Destroyed . | . . . . Critical Strikes . | . . . . Melee Attacks . | . . . . Impact . | . . . . Slashing . | . . . . Piercing . | . . . . Sneak Attacks . | . . . . Combat Hostiles . | . . . . Follow-up Attacks . | . . . . Damage Inflicted 766 | . 416 65 285 Guns 469 | . 134 65 270 Cannons . | . . . . Explosions 282 | . 282 . . Melee . | . . . . Ramming 15 | . . . 15 Kinetic 270 | . . . 270 Thermal 143 | . 78 65 . Explosive 282 | . 282 . . Electromagnetic 56 | . 56 . . Impact . | . . . . Slashing . | . . . . Piercing . | . . . . Highest Corruption . | . . . . Average Corruption . | . . . . Corruption Purged . | . . . . Corruption Blocked . | . . . . Overload Shots . | . . . . Overflow Damage . | . . . . Projectiles . | . . . . Explosions . | . . . . Melee . | . . . . Knockbacks . | . . . . Impact . | . . . . Kinetic . | . . . . Secondary . | . . . . Self-Inflicted Damage 112 | . 112 . . Shots 5 | . 5 . . Rammed 2 | . . . 2 Targets Rammed 8 | 1 . . 7 Kicked 5 | . . . 5 Crushed 1 | 1 . . . Highest Temperature 126 | . 126 54 . Average Temperature 47 | . 53 26 . Received Heat Transfer 486 | . 123 120 243 Siege Activations . | . . . . Robots Corrupted . | . . . . Combat Hostiles . | . . . . Parts Fried . | . . . . Impact Corruptions . | . . . . Robots Melted . | . . . . Combat Hostiles . | . . . . Parts Melted . | . . . . Heat Transferred 325 | . 175 150 . Parts Sabotaged . | . . . . Parts Stolen . | . . . . Parts Stripped . | . . . . Power Chain Reactions . | . . . . Alert | -11 -10 -10 -9 ------- Run | Yrd Mat Min Mat Peak Influence 221 | 5 221 85 195 Initial 85 | . 3 85 33 Average 80 | 1 73 85 106 Maximum Alert Level 1 | . 1 . . Low Security (%) 92 | 100 83 100 100 Level 1 7 | . 16 . . Level 2 . | . . . . Level 3 . | . . . . Level 4 . | . . . . Level 5 . | . . . . High Security . | . . . . Max Security . | . . . . Squads Dispatched 2 | . 1 . 1 Investigation 1 | . 1 . . Extermination . | . . . . Reinforcement 1 | . . . 1 Assault . | . . . . Garrison . | . . . . Intercept . | . . . . Searches Triggered . | . . . . Construction Impeded . | . . . . Haulers Reinforced . | . . . . Active Scanning Responses . | . . . . Cargo Convoy Interrupts . | . . . . Stealth | -11 -10 -10 -9 --------- Run | Yrd Mat Min Mat Distress Signals 3 | . . . 3 Communications Jammed . | . . . . Distress Signals . | . . . . Times Spotted 27 | . 8 2 17 Peak Tracking Total 8 | . 6 2 8 Tactical Retreats 3 | . 1 . 2 Traps | -11 -10 -10 -9 ------- Run | Yrd Mat Min Mat Traps Triggered 3 | . 1 . 2 Indirectly . | . . . . Trap Hack Attempts . | . . . . Triggered . | . . . . Disarmed . | . . . . Reprogrammed . | . . . . Reused . | . . . . Traps Extracted . | . . . . Installed . | . . . . Triggered . | . . . . Machines | -11 -10 -10 -9 ---------- Run | Yrd Mat Min Mat Machines Disabled . | . . . . Max in Single Turn . | . . . . Machines Repaired . | . . . . Machines Dismantled . | . . . . Machines Sabotaged . | . . . . Overloaded Fab Kills . | . . . . Hacking | -11 -10 -10 -9 --------- Run | Yrd Mat Min Mat Machines Accessed . | . . . . Terminals . | . . . . Fabricators . | . . . . Repair Stations . | . . . . Recycling Units . | . . . . Scanalyzers . | . . . . Garrison Access . | . . . . Total Hacks . | . . . . Successful . | . . . . Failed . | . . . . Catastrophic . | . . . . Database Lockouts . | . . . . Manual . | . . . . Terminals . | . . . . Fabricators . | . . . . Repair Stations . | . . . . Recycling Units . | . . . . Scanalyzers . | . . . . Garrison Access . | . . . . Terminal Hacks . | . . . . Fabricator Hacks . | . . . . Repair Station Hacks . | . . . . Recycling Unit Hacks . | . . . . Scanalyzer . | . . . . Garrison Access Hacks . | . . . . Unauthorized Hacks . | . . . . Terminals . | . . . . Fabricators . | . . . . Repair Stations . | . . . . Recycling Units . | . . . . Scanalyzers . | . . . . Garrison Access . | . . . . Data Cores Recovered . | . . . . Used . | . . . . Hacking Detections . | . . . . Full Trace Events . | . . . . Feedback Events . | . . . . Feedback Blocked . | . . . . Robot Schematics Acquired . | . . . . Robots Built . | . . . . Authchips . | . . . . Time . | . . . . Total Robot Build Rating . | . . . . Part Schematics Acquired . | . . . . Parts Built . | . . . . Authchips . | . . . . Time . | . . . . Total Part Build Rating . | . . . . Parts Repaired . | . . . . Time . | . . . . Parts Recycled . | . . . . Recycled Matter . | . . . . Retrieved Matter . | . . . . Retrieved Components . | . . . . Parts Scanalyzed . | . . . . Part Schematics Acquired . | . . . . Parts Damaged . | . . . . Bothacking | -11 -10 -10 -9 ------------ Run | Yrd Mat Min Mat Used RIF Installer . | . . . . Robots Hacked . | . . . . Non-combat . | . . . . Combat . | . . . . Robot Hacks Applied . | . . . . Relay Couplers Released . | . . . . Fabnet Peak Effective % . | . . . . Robots Rewired . | . . . . Allies Hacked . | . . . . Hacks Repelled . | . . . . Allies | -11 -10 -10 -9 -------- Run | Yrd Mat Min Mat Total Allies . | . . . . Largest Group . | . . . . Highest-Rated Group . | . . . . Highest-Rated Ally . | . . . . Total Orders . | . . . . Ally Attacks . | . . . . Total Damage . | . . . . Kills . | . . . . Allies Corrupted . | . . . . Allies Melted . | . . . . Intel | -11 -10 -10 -9 ------- Run | Yrd Mat Min Mat Robot Analysis Total . | . . . . Derelict Logs Recovered . | . . . . Drone Launches . | . . . . Drone Recoveries . | . . . . Exploration | -11 -10 -10 -9 ------------- Run | Yrd Mat Min Mat Turns Passed 820 | 80 366 54 320 Spaces Moved 327 | 44 183 23 77 Core 13 | 1 . . 12 Treads 273 | 43 183 23 24 Legs 41 | . . . 41 Wheels . | . . . . Hover . | . . . . Flight . | . . . . Fastest Speed 50 | 50 160 160 160 Average Speed 186 | 157 160 160 275 Slowest Speed 1000 | 160 160 160 1000 Overloaded Moves . | . . . . Propulsion Burnouts . | . . . . Robots Hopped . | . . . . Cave-ins Triggered . | . . . . Exploration Rate (%) 14 | 6 34 9 7 Regions Visited 3 Branch Regions 1 Pre-discovered Areas . | . . . . Known Exits Taken 2 | . 1 1 . Unknown Exits Taken 1 | 1 . . . Scrap Searched . | . . . . Spaces Dug . | . . . . Terrain Destroyed 32 | . 32 . . Melee . | . . . . Projectile . | . . . . AOE 32 | . 32 . . Terrain Rammed . | . . . . Walls Destroyed . | . . . . Machines Disabled . | . . . . Actions | -11 -10 -10 -9 --------- Run | Yrd Mat Min Mat Total 412 | 51 215 32 114 Wait . | . . . . Move 324 | 43 182 22 77 Hop . | . . . . Pick Up . | . . . . Fast Attach 21 | 6 6 . 9 Attach . | . . . . Detach 6 | . 4 1 1 Swap 1 | 1 . . . Drop . | . . . . Fire 52 | . 23 9 20 Melee . | . . . . Ram 2 | . . . 2 Kick 5 | . . . 5 Crush 1 | 1 . . . Escape Stasis . | . . . . Rewire . | . . . . Trap . | . . . . Miscellaneous . | . . . . Route ------- -11/Scrapyard -10/Materials -10/Mines -9/Materials History --------- Turn | Location | Event 11 | -11/Scrapyard | Discovered new exit (range 14) 81 | -11/Scrapyard | Entered Materials 314 | -10/Materials | Build established: Mutant 382 | -10/Materials | Discovered new exit (range 13) 440 | -10/Materials | Identified exit to Mines 447 | -10/Materials | Entered Mines 493 | -10/Mines | Discovered new exit (range 5) 500 | -10/Mines | Identified exit to Materials 501 | -10/Mines | Entered Materials 501 | -9/Materials | Evolved 2 slots: Utility x1, Weapon x1 771 | -9/Materials | Core integrity fell below 50% 784 | -9/Materials | Lost 4 parts (2n2w) 813 | -9/Materials | Core integrity fell below 20% 821 | -9/Materials | Destroyed by G-34 Mercenary with Small Laser Last Messages --------------- Imp. Aluminum Leg destroyed. K-01 Serf collects debris. Kicked S-10 Pest. Assault Rifle destroyed. S-10 Pest destroyed. Acquired 46 matter. Assault Rifle destroyed. Kicked U-05 Engineer. K-01 Serf cleans the Terminal. K-01 Serf collects debris. Imp. Aluminum Leg destroyed. R-06 Scavenger collects Lgt. Assault Rifle. R-06 Scavenger collects Lgt. Ion Engine. Slammed into S-10 Pest. Rnf. Ion Engine destroyed. Slammed into S-10 Pest. Destabilizing: System interference. Signal Interpreter temporarily disabled. K-01 Serf collects debris. Critical hit (Burn: +37). Map ----- +----------------------------------------------------+ | ?????????????????????????????????????????????????? | | ?????????????????????????????????????????????????? | | ????????????????????#####????????????????????????? | | ????????????????????#"""#????????????????????????? | | ??###################"T"#########????????????????? | | ??# # + #????????????????? | | ??# # ###### ^ #????????????????? | | ??# # """ #????# #????????????????? | | ??+ + """ #????# #????????????????? | | ??# # """ #????# ! ##### #????????????????? | | ??# # #????# #???#*#????????????????? | | ??# ########????#[!^ ""#???#!#????????????????? | | ??# #??????# "??# = ""#???#%#????????????????? | | ??# #??????# #^ T"#####/##???????????????? | | ??# #???????? + ""#= [ #???????????????? | | ??+ +?????????? # ""#[= #???????????????? | | ??# #?????????? # %k #%= #???????????????? | | ??# #????????? ?# k +** [ [#???????????????? | | ??# #????????##?#+##### # [ [#???????????????? | | ??# #??????????? ????# #== [[ #???????????????? | | ??# ???????????? ????# ########???????????????? | | ??# ???????????? ????# #??????????????????????? | | ??+ ???????????? ?????# ########???????????????? | | ??? ??????????????????#s ????????? | | ????????????????????????#g##### ##???????????????? | | ????????????????????????#@#??????????????????????? | | ????????????????????????#s#??????????????????????? | | ????????????????????????# #??????????????????????? | | ????????????????????????# #??????????????????????? | | ????????????????????????# #??????????????????????? | | ????????????????????????# #??????????????????????? | | ????????????????????????# #??????????????????????? | | ????????????????????????# #??????????????????????? | | ????????????????????????# #??????????????????????? | | ????????????????????????# #??????????????????????? | | ????????????????????????? ???????????????????????? | | ????????????????????????? ???????????????????????? | | ?????????????????????????Y???????????????????????? | | ????????????????????????? ???????????????????????? | | ????????????????????????? ???????????????????????? | | ?????????????????????????T???????????????????????? | | ?????????????????????????????????????????????????? | | ?????????????????????????????????????????????????? | | ?????????????????????????????????????????????????? | | ?????????????????????????????????????????????????? | | ?????????????????????????????????????????????????? | | ?????????????????????????????????????????????????? | | ?????????????????????????????????????????????????? | | ?????????????????????????????????????????????????? | | ?????????????????????????????????????????????????? | +----------------------------------------------------+ Best States ------------- Heat Dissipation 28 Energy Generation 12 Energy Capacity 265 Matter Stores 285 Matter Capacity 500 Sight Range 16 Terrain Scan Density 10 Evasion (%) 40 Recoil Reduction 2 Item Schematics ----------------- None Robot Schematics ------------------ None Fabricated ------------ Nothing Alien Tech Used ----------------- None Achievements -------------- None Challenges ------------ None Game ------ Seed ActuatorAblativeManipulator Manual? 0 Play Time 00:10:30 Cumulative 1.3 hours Start 2024.08.22 @ 18:33:03 End 2024.08.22 @ 18:41:27 Sessions 1 Manual Loads 0 Difficulty Rogue Special Mode None Game No. 5 Rogue 4 Adventurer 1 Explorer 0 Win Type - Total 0 Types 0/0/0/0/0/0/0/0/0 Lore% 0 Gallery% 3 Achievement% 5 Wizard Run 0 Options --------- Layout 2 ASCII 0 Keyboard 1 Movement Arrows Keybinds 0 Fullscreen 1 Font 24/Smallcaps Map View 50x44 Zoom Use 0% Tactical HUD 0 Map Filters NONE Filters NONE Steam 1 RUN: 50bcd9f9-aded-47a0-b554-fc4bc4d9f128